 Dungeon Crawl Stone Soup version 0.31-a0-1363-g282adc679d (webtiles) character file.

Game seed: 17024739117643877257

3212 macek121 the Shield-Bearer (level 10, 0/76 HPs)
             Began as a Formicid Fighter on Dec 23, 2023.
             Was an Initiate of Ashenzari.
             Succumbed to a green ugly thing's poison
             ... on level 8 of the Dungeon.
             The game lasted 00:18:21 (5921 turns).

macek121 the Shield-Bearer (Formicid Fighter)       Turns: 5921, Time: 00:18:22

Health: 0/76       AC: 13    Str: 24 (25) XL:     10   Next: 17%
Magic:  10/10      EV: 14    Int:  8 (10) God:    Ashenzari [......]
Gold:   422        SH:  5    Dex: 10 (13) Spells: 9/9 levels left

rFire   + . .        o - +5 flail "Prescient Inaction" {heavy, Elem, Melee} (curse)
rCold   + . .        c - +0 buckler
rNeg    . . .        q - +1 chain mail {rPois}
rPois   +            (helmet unavailable)
rElec   +            m - +0 cloak
rCorr   +            (no gloves)
SInv    +            (no boots)
Will    +....        b - amulet of the acrobat Stlth
                     k - ring of poison resistance
HPRegen 0.32/turn    j - ring "Wiwin" {EV+5 Int+2}
MPRegen 0.12/turn

%: acrobat, clarity
@: mighty, lethally poisoned (0 -> -20), resistant
A: permanent stasis, dig shafts and tunnels, antennae 3, four strong arms,
clarity, wild magic 1, MP-powered wands
a: Dig, Shaft Self, Renounce Religion, Shatter the Chains


You were on level 8 of the Dungeon.
You worshipped Ashenzari.
Ashenzari was noncommittal.
You visited 1 branch of the dungeon, and saw 8 of its levels.

You collected 422 gold pieces.

Inventory:

Hand Weapons
 a - a +0 war axe of venom
 d - a +1 dagger of speed
 e - the +3 whip "Bual" {elec, rPois rF+ Str-2 Int+3}
   (You found it on level 3 of the Dungeon)

   Str-2:     It affects your strength (-2).
   Int+3:     It affects your intelligence (+3).
   rF+:       It protects you from fire.
   rPois:     It protects you from poison
 l - a +2 quarterstaff of chaos
 o - the cursed +5 flail "Prescient Inaction" (weapon) {heavy, Elem, Melee}
   (You took it off Edmund on level 4 of the Dungeon)

   It has a curse which improves the following skills: Elements: Fire Magic, Ice
   Magic, Air Magic and Earth Magic.
   Melee Combat: Short Blades, Long Blades, Axes, Maces & Flails, Polearms,
   Staves and Unarmed Combat.
 p - a +0 scythe
 r - a +0 orcbow
Missiles
 i - 6 poisoned darts
 x - a throwing net
Armour
 c - a +0 buckler (worn)
 m - a +0 cloak (worn)
 q - a +1 chain mail of poison resistance (worn)
Jewellery
 b - an amulet of the acrobat (around neck)
 j - the ring "Wiwin" (right hand) {EV+5 Int+2}
   (You found it on level 2 of the Dungeon)

   [ring of evasion]

   EV+5:      It affects your evasion (+5).
   Int+2:     It affects your intelligence (+2).
 k - a ring of poison resistance (left hand)
 n - a ring of resist corrosion
Talismans
 y - a serpent talisman
Wands
 f - a wand of roots (20)
 B - a wand of mindburst (15)
Scrolls
 g - 2 scrolls of amnesia
 h - a scroll of fear
 s - a scroll of identify
 u - a scroll of blinking
Potions
 t - a potion of lignification {unknown}
 v - 2 potions of might
 w - a potion of degeneration
 z - a potion of attraction {unknown}
 A - a potion of resistance


   Skills:
 + Level 6.2 Fighting
 + Level 5.3(7.6) Axes
 + Level 7.7(8.9) Maces & Flails
 + Level 7.7 Armour
 + Level 2.3 Dodging
 + Level 1.1 Stealth
 + Level 7.8 Shields


You had 9 spell levels left.
You didn't know any spells.
Your spell library contained the following spells:

 Spells                   Type           Power      Damage    Failure   Level
 Sting                    Conj/Alch      0%         1d3       96%         1
 Mercury Vapours          Alch/Air       0%         N/A       99%         2
 Fugue of the Fallen      Necr           0%         N/A       100%        3
 Ozocubu's Armour         Ice            0%         N/A       100%        3
 Summon Guardian Golem    Hex/Summ       0%         N/A       100%        3
 Manifold Assault         Tloc           0%         N/A       100%        4
 Olgreb's Toxic Radiance  Alch           0%         N/A       100%        4
 Orb of Destruction       Conj           0%         9d5       100%        7
 Spellforged Servitor     Conj/Summ      0%         N/A       100%        7


Dungeon Overview and Level Annotations

Branches:
Dungeon (8/15)             Temple (0/1) D:7
   Lair: D:8-11

Altars:
Ashenzari
Cheibriados
Elyvilon
Fedhas
Hepliaklqana
Nemelex Xobeh
Ru
Sif Muna
Trog
Vehumet
Wu Jian
Xom
The Shining One


Innate Abilities, Weirdness & Mutations

You cannot be hasted, slowed, berserked, paralysed or teleported.
You can dig through walls and to a lower floor.
You have a pair of large antennae on your head. (SInv)
Your four strong arms can wield two-handed weapons with a shield.
You possess an exceptional clarity of mind.
Your spells are a little harder to cast, but a little more powerful.
You expend magic power (3 MP) to strengthen your wands.


Message History

The green ugly thing headbutts you.
You bludgeon the green ugly thing!!
The green ugly thing is moderately wounded.
The orc priest completely misses you. The green ugly thing headbutts you.
You bludgeon the green ugly thing!!
The green ugly thing is severely wounded.
The orc priest barely misses you.
The green ugly thing headbutts you but does no damage.
The green ugly thing headbutts you. You block the orc priest's attack.
You closely miss the green ugly thing.
The green ugly thing is severely wounded.
You block the orc priest's attack.
The green ugly thing closely misses you.
You hit the green ugly thing.
The green ugly thing is severely wounded.
The orc priest closely misses you.
The green ugly thing closely misses you.
The green ugly thing headbutts you.
You are lethally poisoned!
The green ugly thing poisons you!
The orc priest hits you but does no damage.
An orc priest comes into view. It is wielding a +0 dagger.
The orc priest shouts!
You bludgeon the green ugly thing!!
You kill the green ugly thing!
You feel extremely sick.
The orc priest hits you but does no damage.
You barely miss the orc wizard.
* * * LOW HITPOINT WARNING * * *
You feel extremely sick. You block the orc priest's attack.
The orc wizard closely misses you.
The orc priest hits you but does no damage.
The orc priest invokes the aid of Beogh against you.
Beogh smites you!
* * * LOW HITPOINT WARNING * * *
The orc wizard closely misses you.
It was a potion of degeneration.
There was something very wrong with that liquid.
You feel weakened.
You feel dopey.
You feel clumsy.
You die...

#.# #.# #.#
######.#######
#............#
#.####<#####.# #
#.# .#
#...###.#####.#####
#.......@ooo....#
#...########o.###.#
## #..# #..# { .o).
{ ,.$..# #....
....##


You could see 2 orc priests, an orc wizard (invisible) and an orc.

Vanquished Creatures
  An ugly thing (D:8)
  Maggie (D:7)
  Sigmund (D:3)
  A steam dragon (D:7)
  Edmund (D:4)
  A water moccasin (D:6)
  A black bear (D:4)
  5 sky beasts
  An orc warrior (D:7)
  An ogre (D:4)
  A centaur (D:7)
  Blork the orc (D:4)
  2 phantoms
  3 bullfrogs
  A gnoll sergeant (D:6)
  4 scorpions
  2 jellies
  A hound (D:4)
  2 orc priests
  Crazy Yiuf (D:2)
  2 sleepcaps (D:5)
  3 iguanas
  2 orc wizards
  Robin (D:2)
  3 gnolls (D:6)
  9 adders
  2 ufetubi (D:5)
  A worm (D:3)
  2 dart slugs
  9 orcs
  5 bats
  6 endoplasms
  4 giant cockroaches
  5 hobgoblins
  6 jackals (D:4)
  A quokka (D:2)
  4 ball pythons
  5 frilled lizards
  18 goblins
  5 kobolds
  6 rats
131 creatures vanquished.

Notes
Turn   | Place    | Note
-------+----------+-------------------------------------------
     0 | D:1      | macek121 the Formicid Fighter began the quest for the Orb.
     0 | D:1      | Reached XP level 1. HP: 18/18 MP: 1/1
   410 | D:1      | Reached XP level 2. HP: 24/24 MP: 2/2
  1045 | D:2      | Identified the ring "Wiwin" {EV+5 Int+2}
  1091 | D:2      | Reached XP level 3. HP: 25/29 MP: 3/3
  1166 | D:2      | Noticed Robin
  1179 | D:2      | Killed Robin
  1198 | D:2      | Reached XP level 4. HP: 22/36 MP: 4/4
  1635 | D:2      | Found a runed translucent door.
  1636 | D:2      | Noticed Crazy Yiuf
  1644 | D:2      | Killed Crazy Yiuf
  1807 | D:3      | Reached XP level 5. HP: 42/42 MP: 5/5
  1813 | D:3      | Noticed Sigmund
  1848 | D:3      | Killed Sigmund
  1849 | D:3      | Reached skill level 5 in Shields
  1849 | D:3      | Reached XP level 6. HP: 19/48 MP: 6/6
  1963 | D:3      | Identified the +3 whip "Bual" {elec, rPois rF+ Str-2 Int+3}
  2072 | D:3      | Reached skill level 5 in Axes
  2306 | D:3      | Gained mutation: You possess an exceptional clarity of
                  | mind. [potion of mutation]
  2306 | D:3      | Gained mutation: Your spells are a little harder to cast,
                  | but a little more powerful. [potion of mutation]
  2306 | D:3      | Gained mutation: You expend magic power (3 MP) to
                  | strengthen your wands. [potion of mutation]
  2366 | D:4      | Noticed Edmund
  2379 | D:4      | Killed Edmund
  2380 | D:4      | Reached skill level 1 in Maces & Flails
  2380 | D:4      | Reached XP level 7. HP: 11/54 MP: 7/7
  2586 | D:4      | Reached skill level 1 in Dodging
  2609 | D:4      | Noticed Blork the orc
  2615 | D:4      | Killed Blork the orc
  2950 | D:4      | Reached XP level 8. HP: 21/61 MP: 8/8
  3318 | D:4      | Reached skill level 5 in Armour
  3504 | D:5      | Entered Level 5 of the Dungeon
  4209 | D:6      | Reached skill level 5 in Fighting
  4209 | D:6      | Reached skill level 5 in Maces & Flails
  4211 | D:6      | Reached XP level 9. HP: 40/68 MP: 9/9
  4925 | D:7      | Found a snail-covered altar of Cheibriados.
  4943 | D:7      | Found a sacrificial altar of Ru.
  4946 | D:7      | Found a bloodstained altar of Trog.
  4947 | D:7      | Found a shimmering altar of Xom.
  4948 | D:7      | Found an ornate altar of the Wu Jian Council.
  4948 | D:7      | Found a radiant altar of Vehumet.
  4949 | D:7      | Found a broken altar of Ashenzari.
  4950 | D:7      | Found a sparkling altar of Nemelex Xobeh.
  4951 | D:7      | Found a blossoming altar of Fedhas.
  4952 | D:7      | Found a glowing golden altar of the Shining One.
  4953 | D:7      | Found a hazy altar of Hepliaklqana.
  4960 | D:7      | Became a worshipper of Ashenzari the Shackled
  4979 | D:7      | Noticed Maggie
  4988 | D:7      | Killed Maggie
  5210 | D:7      | Found a staircase to the Ecumenical Temple.
  5342 | D:7      | Reached skill level 1 in Stealth
  5528 | D:7      | Found a shimmering blue altar of Sif Muna.
  5530 | D:7      | Found a white marble altar of Elyvilon.
  5541 | D:7      | Reached XP level 10. HP: 71/76 MP: 10/10
  5906 | D:8      | Noticed a green ugly thing
  5919 | D:8      | Killed a green ugly thing
  5921 | D:8      | Succumbed to a green ugly thing's poison

Illustrated notes

Levels and vault maps discovered:
D:1:      beargit_arrival_diablo_church, layout_basic
D:2:      layout_loops_ring, uniq_crazy_yiuf_cottage, uniq_robin
D:3:      layout_rooms, nicolae_kite_square_tiling_tiny, uniq_sigmund
D:4:      layout_basic, uniq_edmund, uniq_blork_the_orc
D:5:      layout_rooms
D:6:      layout_basic
D:7:      layout_basic, minitemple, chequers_temple_overflow_statue_of_worship,
          temple_doors_e, serial_corexii_hall, chequers_hall_statues_wall_a,
          chequers_hall_statues_corner_a, uniq_maggie
D:8:      cheibrodos_steamvent, layout_loops_ring, enter_bailey_2, serial_shops,
          shop, ebering_ghost_funeral_grove

Skill      XL: |  1  2  3  4  5  6  7  8  9 |
---------------+----------------------------+-----
Axes           | 3 4 5 |  5.3
Fighting       | 4 5 6 |  6.2
Armour         | 4 6 7 |  7.7
Shields        | 5 6 7 |  7.8
Maces & Flails | 1 3 5 7 |  7.7
Dodging        | 1 2 |  2.3
Stealth        | 1 |  1.1

Action                     |  1- 3 |  4- 6 |  7- 9 | 10-12 || total
---------------------------+-------+-------+-------+-------++-------
  Melee: War axe           |    86 |    77 |       |       ||   163
         Whip              |       |    51 |    20 |       ||    71
         Flail             |       |       |   149 |    10 ||   159
 Invoke: Curse Item        |       |       |       |     1 ||     1
Ability: Dig               |       |     1 |     1 |       ||     2
    Use: Potion            |       |     3 |     1 |     3 ||     7
         Scroll            |       |     5 |     3 |       ||     8
 Armour: Scale mail        |    50 |    78 |     8 |       ||   136
         Chain mail        |       |       |   128 |    11 ||   139
  Dodge: Dodged            |    28 |   117 |   155 |    12 ||   312
  Block: Buckler           |    19 |    32 |    66 |     4 ||   121

Table legend: (Time is in decaauts)
 A = Elapsed time spent in this place.
 B = Non-inter-level travel time spent in this place.
 C = Inter-level travel time spent in this place.
 D = Time resting spent in this place.
 E = Time spent auto-exploring this place.
 F = Levels seen in this place.
 G = Mean time per level.
                   A        B        C        D        E       F      G
               +--------+--------+--------+--------+--------+-----+--------+
         Total |   6085 |   5756 |    329 |      0 |   4700 |   8 |  760.6 |
       Dungeon |   6085 |   5756 |    329 |      0 |   4700 |   8 |  760.6 |
               +--------+--------+--------+--------+--------+-----+--------+

Top non-repeatable levels by time:
     D:7: 1208 daAuts
     D:4: 1168 daAuts
     D:2: 900 daAuts
     D:1: 871 daAuts
     D:6: 823 daAuts
     D:3: 648 daAuts
     D:5: 438 daAuts
     D:8: 25 daAuts
